 Dungeon Crawl Stone Soup version 0.31.0-1-g2c135a0 (webtiles) character file.

Game seed: 4051471591592348447

384008 hannoskaj the Sorcerer (level 22, -5/199 HPs)
             Began as a Naga Alchemist on Mar 26, 2024.
             Was a High Priest of Ashenzari.
             Killed from afar by a quicksilver elemental (19 damage)
             ... with a bolt of dispelling energy
             ... on level 10 of a ziggurat on Apr 1, 2024.
             The game lasted 13:47:27 (40289 turns).

hannoskaj the Sorcerer (Naga Alchemist)            Turns: 40289, Time: 13:47:30

Health: -5/199     AC: 31    Str: 17    XL:     22   Next: 29%
Magic:  35/51      EV:  8    Int: 24    God:    Ashenzari [*****.]
Gold:   1954       SH: 12    Dex:  8    Spells: 0/71 levels left

rFire   + . .        b - staff of fire
rCold   + . .        G - +0 kite shield "Revealing Pessimism" {Self, Sorc} (curse)
rNeg    + + +        C - +2 robe of Ashenzari's Irritation {Will+, Sorc, Self} (curse)
rPois   +            D - +2 helmet of the Eye in the Sky {Sorc, Elem} (curse)
rElec   +            q - +2 cloak "Per Aspera Ad Scientiam" {Stlth+, Fort, Bglg} (curse)
rCorr   +            p - +2 pair of gloves
SInv    +            X - +4 barding of the Esoteric Sky {Self, Sorc} (curse)
Will    +++..        I - amulet "Elysian Dismay" {RegenMP rC+ rN+++ Str+3 Dex-3, Elem, Dev} (curse)
Stlth   ++++         P - ring "Pragmatism of Ashenzari" {Fly, Sorc, Fort} (curse)
HPRegen 0.53/turn    H - ring "Overhang to Understand" {^Drain rElec rCorr AC+4 Slay+5, Elem, Fort} (curse)
MPRegen 0.72/turn

%: clarity
@: flying, studying Maces & Flails, very slow
A: AC +7, large, see invisible, deformed body, poison resistance, slowness 2,
spit poison 1, naga tail 2
}: 2/15 runes: decaying, gossamer
a: Spit Poison, Renounce Religion, Curse Item, Shatter the Chains


You were on level 10 of a ziggurat.
You worshipped Ashenzari.
Ashenzari was extremely pleased with you.
You visited 8 branches of the dungeon, and saw 38 of its levels.
You visited 1 ziggurat, and saw 10 of its levels.
You also visited: Ice Cave and Volcano.

You collected 4381 gold pieces.
You spent 2427 gold pieces at shops.

Inventory:

Hand Weapons
 a - a +9 demon whip of electrocution
 s - a +1 hand axe of distortion
 y - a +4 eveningstar of holy wrath
Missiles
 h - 15 javelins
 j - 5 curare-tipped darts
 o - 31 boomerangs (quivered)
 R - 3 silver javelins
Armour
 c - the +3 tower shield "Vohigroll" {Dex+2}
   (You acquired it on level 8 of a ziggurat)

   Dex+2:     It affects your dexterity (+2).
 p - a +2 pair of gloves (worn)
 q - the cursed +2 cloak "Per Aspera Ad Scientiam" (worn) {Stlth+, Fort, Bglg}
   (You bought it in a shop on level 2 of the Orcish Mines)

   It has a curse which improves the following skills: Fortitude: Armour and
   Shields.
   Beguiling: Hexes and Translocations.
 C - the cursed +2 robe of Ashenzari's Irritation (worn) {Will+, Sorc, Self}
   (You took it off Blork the orc on level 4 of the Dungeon)

   It has a curse which improves the following skills: Sorcery: Conjurations and
   Alchemy.
   Introspection: Fighting and Spellcasting.
 D - the cursed +2 helmet of the Eye in the Sky (worn) {Sorc, Elem}
   (You took it off Robin on level 4 of the Dungeon)

   It has a curse which improves the following skills: Sorcery: Conjurations and
   Alchemy.
   Elements:  Fire Magic, Ice Magic, Air Magic and Earth Magic.
 G - the cursed +0 kite shield "Revealing Pessimism" (worn) {Self, Sorc}
   (You found it on level 6 of the Dungeon)

   It has a curse which improves the following skills: Introspection: Fighting
   and Spellcasting.
   Sorcery:   Conjurations and Alchemy.
 X - the cursed +4 barding of the Esoteric Sky (worn) {Self, Sorc}
   (You found it on level 3 of the Swamp)

   It has a curse which improves the following skills: Introspection: Fighting
   and Spellcasting.
   Sorcery:   Conjurations and Alchemy.
Magical Staves
 b - a staff of fire (weapon)
 W - a staff of conjuration
Jewellery
 g - a ring of wizardry
 v - the amulet of the Air {Inacc Air Fly rElec RMsl}
   (You took it off a deep elf annihilator on level 3 of the Elven Halls)

   [amulet of nothing]

   Inacc:     It reduces the accuracy of your attacks and spells.
   Air:       It enhances your air magic.
   rElec:     It insulates you from electricity.
   Fly:       It grants you flight.
   RMsl:      It protects you from missiles.
 H - the cursed ring "Overhang to Understand" (right hand) {^Drain rElec rCorr AC+4 Slay+5, Elem, Fort}
   (You found it on level 13 of the Dungeon)

   [ring of protection]

   AC+4:      It affects your AC (+4).
   Slay+5:    It affects your accuracy & damage with ranged weapons and melee
   (+5).
   rElec:     It insulates you from electricity.
   rCorr:     It protects you from acid and corrosion.
   ^Drain:    It drains your maximum health when unequipped.
   It has a curse which improves the following skills: Elements: Fire Magic, Ice
   Magic, Air Magic and Earth Magic.
   Fortitude: Armour and Shields.
 I - the cursed amulet "Elysian Dismay" (around neck) {RegenMP rC+ rN+++ Str+3 Dex-3, Elem, Dev}
   (You found it in an ice cave)

   [amulet of magic regeneration]

   RegenMP:   It increases your rate of magic regeneration.
   Str+3:     It affects your strength (+3).
   Dex-3:     It affects your dexterity (-3).
   rC+:       It protects you from cold.
   rN+++:     It renders you almost immune to negative energy.
   It has a curse which improves the following skills: Elements: Fire Magic, Ice
   Magic, Air Magic and Earth Magic.
   Devices:   Evocations and Shapeshifting.
 P - the cursed ring "Pragmatism of Ashenzari" (left hand) {Fly, Sorc, Fort}
   (You found it on level 1 of the Lair of Beasts)

   [ring of flight]

   Fly:       It grants you flight.
   It has a curse which improves the following skills: Sorcery: Conjurations and
   Alchemy.
   Fortitude: Armour and Shields.
 Q - the ring "Piunicuwn" {rF+ Str-3 Int+5}
   (You found it on level 5 of a ziggurat)

   [ring of protection from fire]

   Str-3:     It affects your strength (-3).
   Int+5:     It affects your intelligence (+5).
   rF+:       It protects you from fire.
Wands
 f - a wand of paralysis (32)
 k - a wand of mindburst (7)
 u - a wand of light (11)
 B - a wand of polymorph (17)
 N - a wand of digging (4)
 S - a wand of iceblast (22)
Scrolls
 l - 4 scrolls of fear
 m - 7 scrolls of vulnerability
 r - 6 scrolls of poison
 t - 8 scrolls of immolation
 w - 22 scrolls of teleportation
 A - 7 scrolls of blinking
 E - 3 scrolls of silence
 K - 7 scrolls of fog
 M - 5 scrolls of amnesia
 Z - 4 scrolls of revelation
Potions
 e - 4 potions of might
 i - 11 potions of curing
 n - a potion of lignification
 x - a potion of resistance
 z - 3 potions of brilliance
 F - 3 potions of berserk rage
 J - 2 potions of heal wounds
 L - 10 potions of cancellation
 O - 12 potions of mutation
 T - 3 potions of haste
 V - 5 potions of ambrosia
 Y - a potion of invisibility
Miscellaneous
 U - a phantom mirror


   Skills:
 - Level 8.0(12.2) Fighting
 - Level 13.7 Maces & Flails
 - Level 8.1 Dodging
 - Level 6.6 Stealth
 + Level 11.9(16.0) Shields
 + Level 21.6(25.3) Spellcasting
 + Level 14.4(20.2) Conjurations
 - Level 5.8(8.0) Hexes
 - Level 9.8 Summonings
 - Level 3.0(4.8) Translocations
 + Level 14.0(18.1) Fire Magic
 - Level 7.5(11.7) Air Magic
 - Level 8.0(13.8) Alchemy


You couldn't memorise any spells.
You knew the following spells:

 Your Spells              Type           Power      Damage    Failure   Level
a - Sting                 Conj/Alch      100%       1d9       0%          1
b - Arcjolt               Conj/Air       41%        1d51      1%          5
c - Inner Flame           Hex/Fire       96%        N/A       1%          3
d - Olgreb's Toxic Radia  Alch           77%        N/A       1%          4
e - Sticky Flame          Fire/Alch      100%       2d15      1%          4
f - Airstrike             Air            36%        2d(6-22)  1%          4
g - Summon Lightning Spi  Summ/Air       70%        N/A       1%          4
h - Flame Wave            Conj/Fire      100%       2d21      0%          4
i - Yara's Violent Unrav  Hex/Alch       35%        3d14      1%          5
j - Ignite Poison         Fire/Alch      100%       N/A       1%          4
k - Vhi's Electric Charg  Tloc/Air       100%       N/A       1%          4
l - Iskenderun's Battles  Conj           91%        2d14      0%          5
m - Orb of Destruction    Conj           45%        9d12      1%          7
n - Starburst             Conj/Fire      55%        6d15      1%          6
o - Summon Cactus Giant   Summ           33%        N/A       4%          6
p - Irradiate             Conj/Alch      42%        3d25      1%          5

Your spell library contained the following spells:

 Spells                   Type           Power      Damage    Failure   Level
 Foxfire                  Conj/Fire      100%       2x1d9     0%          1
 Shock                    Conj/Air       100%       1d9       0%          1
 Mercury Vapours          Alch/Air       100%       N/A       0%          2
 Scorch                   Fire           100%       2d9       0%          2
 Static Discharge         Conj/Air       100%       3-8/arc   0%          2
 Dazzling Flash           Conj/Hex       100%       N/A       0%          3
 Mephitic Cloud           Conj/Alch/Air  81%        N/A       0%          3
 Fulminant Prism          Conj/Alch      42%        3d19      0%          4
 Apportation              Tloc           100%       N/A       1%          1
 Freeze                   Ice            100%       1d10      1%          1
 Necrotise                Necr           100%       1d9       1%          1
 Sandblast                Erth           66%        2d15      1%          1
 Slow                     Hex            100%       N/A       1%          1
 Summon Small Mammal      Summ           100%       N/A       1%          1
 Confusing Touch          Hex            62%        N/A       1%          3
 Hailstorm                Conj/Ice       69%        3d12      1%          3
 Sigil of Binding         Hex            62%        N/A       1%          3
 Stone Arrow              Conj/Erth      100%       3d13      1%          3
 Summon Ice Beast         Ice/Summ       53%        N/A       1%          3
 Tukima's Dance           Hex            62%        N/A       1%          3
 Volatile Blastmotes      Fire/Tloc      100%       2d18      1%          3
 Animate Armour           Summ/Erth      100%       N/A       1%          4
 Brom's Barrelling Bould  Conj/Erth      69%        2d8       1%          4
 Cause Fear               Hex            31%        N/A       1%          4
 Iskenderun's Mystic Bla  Conj/Tloc      74%        2d15      1%          4
 Petrify                  Alch/Erth      60%        N/A       1%          4
 Fireball                 Conj/Fire      55%        3d21      1%          5
 Freezing Cloud           Conj/Ice/Air   35%        6-21      1%          5
 Silence                  Hex/Air        33%        N/A       1%          5
 Summon Mana Viper        Hex/Summ       65%        N/A       1%          5
 Conjure Ball Lightning   Conj/Air       41%        3x3d13    1%          6
 Plasma Beam              Fire/Air       50%        2x1d65    1%          6
 Manifold Assault         Tloc           52%        N/A       2%          4
 Martyr's Knell           Necr/Summ      52%        N/A       2%          4
 Passage of Golubria      Tloc           52%        N/A       2%          4
 Summon Forest            Summ/Tloc      30%        N/A       2%          5
 Bombard                  Conj/Erth      34%        9d6       3%          6
 Frozen Ramparts          Ice            66%        1d10      4%          3
 Ozocubu's Armour         Ice            33%        N/A       4%          3
 Passwall                 Erth           33%        N/A       4%          3
 Fugue of the Fallen      Necr           30%        N/A       5%          3
 Vampiric Draining        Necr           30%        2d8       5%          3
 Ignition                 Fire           54%        3d15      7%          8
 Metabolic Englaciation   Hex/Ice        25%        N/A       9%          5
 Sculpt Simulacrum        Ice/Alch       30%        N/A       14%         6
 Animate Dead             Necr           30%        N/A       17%         4
 Monstrous Menagerie      Summ           33%        N/A       26%         7
 Borgnjor's Vile Clutch   Necr/Erth      15%        N/A       41%         5
 Curse of Agony           Necr           30%        N/A       43%         5
 Fire Storm               Conj/Fire      55%        8d14      56%         9
 Malign Gateway           Summ/Tloc      30%        N/A       58%         7
 Maxwell's Capacitive Co  Air            36%        ∞         67%         8
 Summon Horrible Things   Summ           33%        N/A       90%         8
 Death Channel            Necr           15%        N/A       95%         6
 Discord                  Hex            31%        N/A       99%         8
 Ozocubu's Refrigeration  Ice            16%        4d11      100%        7
 Disjunction              Tloc           26%        N/A       100%        8
 Dragon's Call            Summ           33%        N/A       100%        9
 Polar Vortex             Ice            16%        12d2*     100%        9


Dungeon Overview and Level Annotations

Branches:
Dungeon (15/15)            Temple (1/1) D:4            Lair (5/5) D:8
  Swamp (4/4) Lair:2       Spider (4/4) Lair:2        Slime (0/5) Lair:4
    Orc (2/2) D:11            Elf (3/3) Orc:2        Vaults (0/5) D:13
 Depths (4/4) D:15            Zot (0/5) Depths:4      IceCv (visited)
Volcano (visited)

Altars:
Ashenzari
Cheibriados
Dithmenos
Elyvilon
Fedhas
Gozag
Hepliaklqana
Kikubaaqudgha
Makhleb
Nemelex Xobeh
Okawaru
Qazlal
Ru
Sif Muna
Trog
Uskayaw
Vehumet
Wu Jian
Xom
Yredelemnul
Zin
The Shining One
Jiyva

Shops:
D:10 *   D:11 *   Orc:1 [   Orc:2 [:!?   Elf:3 =

Portals:
Hell: Depths:1 Depths:3 Depths:4
Pandemonium: Orc:2

Annotations:
D:4 Dowan, Duvessa
D:5 3 runed translucent doors, ElricMelnibone's ghost, novice GrSu; Soulflayer's ghost, novice AtFi
Swamp:3 2 transporters, xzight's ghost, adept MiBe
Swamp:4 3 runed translucent doors, brinewave's ghost, adept MiFi
Elf:2 5 runed translucent doors
Depths:1 3 runed translucent doors, Soesill's ghost, adept DgCj


Innate Abilities, Weirdness & Mutations

Your serpentine skin is tough. (AC +7)
You have supernaturally acute eyesight. (SInv)
Armour fits poorly on your strangely shaped body.
Your system is resistant to poisons. (rPois)
You cover ground very slowly.
You can spit poison.
You can use your snake-like lower body to constrict enemies.


Message History

The iron giant throws the crystal echidna at you!
Unknown command.
Blink to where?
Press: ? - help, Dir - move target
Found a potion of curing.
As you read the scroll of blinking, it crumbles to dust.
The quicksilver elemental breathes dispelling energy at you.
The bolt of dispelling energy hits you!!
The iron giant throws the quicksilver elemental at you!
The iron giant fires a harpoon shot at you.
The harpoon shot hits you!
You are yanked forward by the harpoon shot.
The iron golem squeaks loudly.
Unknown command.
Okay, then.
Okay, then.
As you read the scroll of summoning, it crumbles to dust.
Wisps of shadow whirl around you...
The quicksilver elemental closely misses you.
The quicksilver elemental completely misses you.
The iron giant hits you with a +0 giant club!!!
* * * LOW HITPOINT WARNING * * *
The iron giant completely misses your iron giant.
The Hell Sentinel hits your iron golem. x2
The Hell Sentinel gestures at you. The iron shot hits you!!
* * * LOW HITPOINT WARNING * * *
Unknown command.
Unknown command.
Unknown command.
Okay, then.
Okay, then.
Blink to where?
Press: ? - help, Dir - move target
As you read the scroll of blinking, it crumbles to dust.
The quicksilver elemental hits your iron giant!
Your iron giant's magic leaks into the air.
The quicksilver elemental breathes dispelling energy at you.
The bolt of dispelling energy hits you!!
You die...

▓∩91C..1..○.○.......▓
▓1?(=.9....E.......∩▓
▓∩ECE9.9............▓
▓??$CC..............▓
▓1..................▓
▓...................▓
▓▓▓▓▓▓.........▓▓▓▓▓▓
▓.........▓
▓.@.......▓
▓▓▓▓▓▓▓▓▓▓*


You could see 2 iron giants, 3 quicksilver elementals, a war gargoyle, 2
friendly iron golems, a friendly iron giant (summoned, magic disrupted) and a
friendly Hell Sentinel (summoned).

Vanquished Creatures
  A dread lich (Zig:9)
  Parghit (Depths:4)
  A caustic shrike (Zig:3)
  Nikola (Swamp:2)
  Norris (Elf:3)
  Arachne (Spider:4)
  5 tentacled monstrosities
  2 deep elf master archers
  3 sphinxes
  2 thorn hunters (Swamp:4)
  An ancient champion (Zig:6)
  2 shadow dragons (Depths:4)
  Gastronok (Lair:3)
  Agnes (Elf:1)
  A draconian monk (Depths:4)
  Aizul (Elf:1)
  A nagaraja (Zig:5)
  A storm dragon (Depths:4)
  Kirke (Lair:3)
  A revenant (Zig:9)
  4 emperor scorpions
  A fenstrider witch (Swamp:1)
  2 fire giants
  3 frost giants
  7 deep elf elementalists (Elf:3)
  A draconian stormcaller (Depths:4)
  4 ghost moths
  3 curse skulls
  15 very ugly things
  6 deep elf sorcerers
  2 ghouls (Swamp:4)
  A spriggan defender (Depths:3)
  2 broodmothers (Spider:1)
  2 quicksilver oozes (IceCv)
  9 stone giants
  5 eleionomae
  6 deep elf demonologists
  4 vampire knights
  A black draconian (Depths:4)
  A white draconian (Depths:4)
  A purple draconian (Depths:4)
  7 deep elf annihilators
  6 deep elf death magi
  4 eidola (Zig:9)
  3 red draconians (Depths:4)
  3 bunyips
  7 spark wasps
  2 merfolk javelineers
  Snorg (Orc:2)
  5 ettins
  3 fire dragons (Depths:1)
  A shambling mangrove (Swamp:1)
  A yaktaur captain (Zig:7)
  A deep elf high priest (Elf:3)
  4 entropy weavers
  4 great orbs of eyes
  2 rakshasas
  18 hydras
  4 ice dragons
  An ogre mage (D:13)
  6 spriggan air magi
  Harold (Lair:2)
  21 alligators
  3 jorogumos
  2 catoblepae
  2 ghost crabs
  2 demonspawn (Orc:2)
  2 death knights
  A centaur warrior (D:13)
  7 boulder beetles
  2 radroaches
  A death scarab (Zig:4)
  3 deep troll shamans (Depths:1)
  5 demonic crawlers
  9 two-headed ogres
  2 deep troll earth magi (Depths:1)
  The ghost of IAmTheZeppo the Thaumaturge, a journeyman DEAl of Vehumet (D:9)
  3 satyrs (Zig:7)
  3 vampire magi
  21 dancing weapons
  10 orc high priests
  5 tengu warriors
  5 hell knights (Depths:3)
  3 sun demons
  A naga sharpshooter (Zig:5)
  5 spriggan berserkers
  18 spriggans
  6 deep elf knights
  2 occultists
  A fire crab (shapeshifter) (D:14)
  7 skeletal warriors
  A sixfirhy (Orc:2)
  6 skysharks
  A shadow wraith (Zig:9)
  2 iron trolls (Depths:1)
  A glowing orange brain (shapeshifter) (D:15)
  3 bog bodies
  4 pharaoh ants
  2 goliath frogs
  2 glowing orange brains
  13 swamp dragons
  An obsidian statue (Zig:1)
  A flayed ghost (Depths:4)
  An arcanist (D:13)
  6 spriggan druids
  5 orb spiders
  An orange crystal statue (Zig:1)
  A phantasmal warrior (D:12)
  4 steelbarb worms
  7 deep elf archers
  6 orc knights
  2 necromancers
  5 lindwurms
  22 deep elf pyromancers
  17 wolf spiders
  12 deep elf zephyrmancers
  2 sun moths
  7 orc sorcerers
  17 ugly things
  A salamander (Depths:1)
  8 cyclopes
  A meliai (shapeshifter) (Elf:1)
  3 will-o-the-wisps
  2 manticores
  2 moths of wrath
  6 elephants (Lair:4)
  8 black mambas
  3 meliai
  5 ice statues
  11 kobold blastminers
  A molten gargoyle (Volcano)
  4 gargoyles
  10 cane toads
  7 torpor snails
  An unseen horror (D:10)
  A kobold demonologist (Orc:1)
  A yaktaur (shapeshifter) (Elf:1)
  A hellion (Depths:1)
  10 komodo dragons
  A yaktaur (Zig:7)
  An efreet (D:13)
  4 tengu conjurers
  8 trolls
  3 guardian mummies (Zig:4)
  3 freezing wraiths
  2 polar bears
  A bloated husk (Swamp:1)
  34 tarantellas
  11 tyrant leeches
  26 hornets
  3 dream sheep (Lair:5)
  18 blink frogs
  30 slime creatures
  2 air elementals (Elf:3)
  6 water elementals
  10 jumping spiders
  9 culicivoras
  5 wraiths
  7 shadows
  2 hogs (Lair:3)
  56 yaks
  5 wyverns
  2 vampires
  10 fire bats (Volcano)
  3 fire elementals
  28 redbacks
  4 basilisks
  A warg (Zig:1)
  A fire bat (shapeshifter) (Elf:1)
  10 vampire mosquitoes
  A swamp worm (shapeshifter) (Depths:4)
  A chaos spawn (Orc:2)
  13 swamp worms
  A naga (Zig:5)
  11 water moccasins
  3 acid dragons
  7 hell hounds
  A glowing shapeshifter skeleton (Zig:4)
  4 great orb of eyes simulacra (IceCv)
  37 orc warriors
  8 swamp drakes
  An ice beast (D:7)
  5 black bears
  20 wolves
  2 laughing skulls (D:15)
  5 boggarts (D:15)
  9 ogres
  4 centaurs
  Blork the orc (D:4)
  9 kobold brigands
  A necrophage (Swamp:4)
  9 bullfrogs
  3 gnoll sergeants
  3 scorpions
  6 glowing shapeshifter simulacra (IceCv)
  6 earth elementals
  7 wights
  6 killer bees
  17 electric eels
  3 howler monkeys (D:14)
  4 lava snakes (Volcano)
  A crimson imp (D:5)
  A bombardier beetle (D:3)
  2 jellies (D:6)
  18 orc priests
  3 gnoll boudas
  4 hounds
  A sleepcap (D:6)
  5 iguanas
  24 orc wizards
  Natasha (twice) (D:4)
  6 shapeshifter simulacra (IceCv)
  3 mummies (Zig:4)
  Robin (D:4)
  19 gnolls
  9 adders
  A shadow imp (D:5)
  2 white imps (D:5)
  2 nameless horrors
  5 ribbon worms
  8 dart slugs
  55 orcs
  7 ball pythons
  6 bats
  10 endoplasms
  11 giant cockroaches
  13 goblins
  7 hobgoblins
  9 jackals
  5 quokkas
  4 frilled lizards (D:1)
  18 kobolds
  4 rats
1364 creatures vanquished.

Vanquished Creatures (collateral kills)
  Frederick (Depths:4)
  A deep elf master archer (Elf:3)
  Donald (Elf:3)
  An azure jelly (IceCv)
  A frost giant (Depths:1)
  A ghost moth (Spider:4)
  A spriggan defender (Depths:3)
  A very ugly thing (D:15)
  A deep elf annihilator (Elf:3)
  Azrael (Orc:2)
  A deep elf demonologist (Elf:2)
  2 deep elf death magi
  A fire dragon (Volcano)
  A deep elf high priest (Elf:3)
  A great orb of eyes (Depths:1)
  An anaconda (Zig:5)
  A hydra (Swamp:4)
  A tengu warrior (Depths:1)
  A deep troll earth mage (Depths:1)
  A hell knight (Depths:3)
  A demonic crawler (Spider:1)
  5 sun demons (Depths:1)
  An iron troll (Depths:1)
  2 deep elf archers
  A lindwurm (Lair:5)
  An orb spider (Spider:1)
  A phantasmal warrior (Zig:9)
  2 deep elf zephyrmancers
  5 orc knights
  A wolf spider (Spider:1)
  3 ugly things
  2 orc sorcerers (Orc:1)
  A cyclops (Zig:7)
  2 deep elf pyromancers (Elf:2)
  3 black mambas
  2 manticores
  A meliai (Spider:4)
  A molten gargoyle (Volcano)
  A hellion (Depths:1)
  2 tengu conjurers (D:13)
  A tarantella (Spider:1)
  3 hornets
  2 jumping spiders
  3 dream sheep (Lair:5)
  4 slime creatures
  A culicivora (Spider:4)
  A wraith (D:13)
  A yak (Lair:5)
  An ushabti (Zig:4)
  2 fire bats (Volcano)
  A redback (Spider:3)
  A swamp worm (Swamp:2)
  7 orc warriors
  An ogre (D:15)
  3 wights (D:10)
  2 killer bees
  An orc priest (Orc:1)
  4 orc wizards
  A mummy (Zig:4)
  A gnoll (D:9)
  3 orcs
103 creatures vanquished.

Vanquished Creatures (others)
  6 dancing weapons
  A bloated husk (Swamp:4)
  An orc priest (Orc:2)
  An orc wizard (Orc:1)
  16 foxfires
25 creatures vanquished.

Grand Total: 1492 creatures vanquished

Notes
Turn   | Place    | Note
-------+----------+-------------------------------------------
     0 | D:1      | hannoskaj the Naga Alchemist began the quest for the Orb.
     0 | D:1      | Reached XP level 1. HP: 15/15 MP: 3/3
   195 | D:1      | Reached XP level 2. HP: 22/22 MP: 1/5
   198 | D:1      | Learned a level 2 spell: Mercury Vapours
   452 | D:1      | Reached XP level 3. HP: 25/28 MP: 6/6
   481 | D:1      | Reached skill level 5 in Alchemy
   486 | D:1      | Learned a level 3 spell: Mephitic Cloud
  1041 | D:2      | Reached XP level 4. HP: 27/36 MP: 1/7
  1223 | D:2      | Reached skill level 1 in Air Magic
  1755 | D:2      | Found a burning altar of Makhleb.
  1755 | D:2      | Found a basalt altar of Yredelemnul.
  1755 | D:2      | Found an iron altar of Okawaru.
  1755 | D:2      | Found a burning altar of Makhleb.
  1755 | D:2      | Found a basalt altar of Yredelemnul.
  1755 | D:2      | Found a hazy altar of Hepliaklqana.
  1807 | D:3      | Reached XP level 5. HP: 42/42 MP: 8/8
  2101 | D:3      | Reached skill level 3 in Spellcasting
  2106 | D:3      | Learned a level 4 spell: Olgreb's Toxic Radiance
  2121 | D:3      | Found a blossoming altar of Fedhas.
  2551 | D:4      | Noticed Dowan
  2558 | D:3      | Reached XP level 6. HP: 49/49 MP: 7/11
  2609 | D:4      | Noticed Natasha
  2665 | D:4      | Killed Natasha
  2695 | D:4      | Found a staircase to the Ecumenical Temple.
  2714 | Temple   | Entered the Ecumenical Temple
  2859 | D:4      | Reached skill level 4 in Spellcasting
  2949 | D:4      | Reached XP level 7. HP: 55/55 MP: 13/13
  2954 | D:4      | Learned a level 4 spell: Sticky Flame
  3169 | D:4      | Noticed Natasha
  3175 | D:4      | Killed Natasha
  3201 | D:4      | Found an ornate altar of the Wu Jian Council.
  3246 | D:4      | Noticed Robin
  3249 | D:4      | Killed Robin
  3250 | D:4      | Noticed Blork the orc
  3256 | D:4      | Killed Blork the orc
  3370 | D:4      | Noticed Duvessa
  3429 | D:5      | Entered Level 5 of the Dungeon
  3473 | D:5      | Found a runed translucent gate.
  3473 | D:5      | Found a runed translucent gate.
  3473 | D:5      | Found a runed translucent gate.
  3473 | D:5      | Noticed Soulflayer's ghost (novice AtFi)
  3474 | D:5      | Noticed ElricMelnibone's ghost (novice GrSu)
  3553 | D:5      | Reached skill level 1 in Fire Magic
  3809 | D:5      | Found a broken altar of Ashenzari.
  3856 | D:5      | Became a worshipper of Ashenzari the Shackled
  3920 | D:5      | Found a radiant altar of Vehumet.
  4063 | D:5      | Reached XP level 8. HP: 62/62 MP: 11/14
  4837 | D:6      | Reached skill level 1 in Fighting
  5170 | D:7      | Reached XP level 9. HP: 73/76 MP: 10/15
  5240 | D:7      | Reached * piety under Ashenzari
  5268 | D:7      | Reached skill level 5 in Fire Magic
  5696 | D:7      | Learned a level 4 spell: Airstrike
  6154 | D:8      | Reached skill level 5 in Spellcasting
  6379 | D:8      | Found a staircase to the Lair.
  6381 | D:8      | Noticed a komodo dragon
  6391 | D:8      | Killed a komodo dragon
  6398 | Lair:1   | Entered Level 1 of the Lair of Beasts
  6453 | Lair:1   | Noticed a cane toad
  6457 | Lair:1   | Killed a cane toad
  6458 | Lair:1   | Reached XP level 10. HP: 88/88 MP: 10/19
  6475 | Lair:1   | Noticed a black mamba
  6500 | Lair:1   | Killed a black mamba
  6592 | Lair:1   | Reached skill level 5 in Fighting
  6592 | Lair:1   | Reached skill level 6 in Spellcasting
  6597 | Lair:1   | Learned a level 4 spell: Summon Lightning Spire
  6705 | Lair:1   | Noticed a cane toad
  6712 | Lair:1   | Killed a cane toad
  6811 | Lair:1   | Found a sacrificial altar of Ru.
  6852 | Lair:1   | Reached skill level 5 in Air Magic
  6946 | Lair:1   | Reached skill level 1 in Summonings
  7199 | Lair:1   | Reached skill level 1 in Maces & Flails
  7601 | Lair:2   | Reached ** piety under Ashenzari
  7603 | Lair:2   | Found a staircase to the Swamp.
  7603 | Lair:2   | Noticed an eleionoma
  7644 | Lair:2   | Reached skill level 7 in Spellcasting
  7838 | Lair:2   | Reached XP level 11. HP: 99/99 MP: 17/23
  7915 | Lair:2   | Learned a level 4 spell: Flame Wave
  8006 | Lair:2   | Reached skill level 1 in Shields
  8006 | Lair:2   | Noticed Harold
  8474 | Lair:2   | Reached skill level 5 in Maces & Flails
  8474 | Lair:2   | Reached skill level 8 in Spellcasting
  8571 | Lair:2   | Killed Harold
  8572 | Lair:2   | Reached skill level 5 in Dodging
  8636 | Lair:2   | Found a hole to the Spider Nest.
  8841 | Lair:2   | Reached *** piety under Ashenzari
  8904 | Lair:3   | Noticed Gastronok
  8922 | Lair:3   | Killed Gastronok
  9171 | Lair:3   | Reached XP level 12. HP: 79/110 MP: 16/26
  9229 | Lair:3   | Reached **** piety under Ashenzari
  9364 | Lair:3   | Noticed Kirke
  9379 | Lair:3   | Killed Kirke
  9488 | Lair:3   | Found the +1 robe of Vines {NoPotionHeal Regen++++}
  9504 | Lair:3   | Learned a level 5 spell: Yara's Violent Unravelling
  9773 | Lair:4   | Noticed a skyshark
  9778 | Lair:4   | Reached skill level 9 in Spellcasting
  9780 | Lair:4   | Killed a skyshark
  9781 | Lair:4   | Reached skill level 1 in Hexes
  9784 | Lair:4   | Reached skill level 5 in Summonings
  9913 | Lair:4   | Found a dark tunnel.
  9921 | Volcano  | Entered a volcano
 10094 | Volcano  | Found a burning altar of Makhleb.
 10177 | Volcano  | Noticed a fire dragon
 10200 | Volcano  | Killed a fire dragon
 10286 | Volcano  | Reached ***** piety under Ashenzari
 10319 | Lair:4   | Found a viscous altar of Jiyva.
 10320 | Lair:4   | Found a staircase to the Slime Pits.
 10340 | Lair:4   | Noticed a five-headed hydra
 10347 | Lair:4   | Killed a five-headed hydra
 10348 | Lair:4   | Reached skill level 5 in Stealth
 10351 | Lair:4   | Gained mutation: You can use your snake-like lower body to
                  | constrict enemies. [Naga growth]
 10351 | Lair:4   | Reached XP level 13. HP: 92/121 MP: 9/29
 10538 | Lair:4   | Learned a level 3 spell: Tukima's Dance
 11097 | Lair:5   | Entered Level 5 of the Lair of Beasts
 11217 | Lair:5   | Reached skill level 5 in Shields
 11709 | Lair:5   | Identified the Secrets of the Sneaky Mystics
 11726 | Lair:5   | Noticed an ice dragon
 11739 | Lair:5   | Killed an ice dragon
 11851 | Lair:5   | Reached XP level 14. HP: 129/129 MP: 25/30
 11892 | Lair:5   | Reached skill level 5 in Hexes
 13233 | D:9      | Found a runed translucent gate.
 13233 | D:9      | Found a runed translucent gate.
 13233 | D:9      | Found a runed translucent gate.
 13234 | D:9      | Noticed IAmTheZeppo's ghost (journeyman DEAl)
 13318 | D:9      | Reached skill level 10 in Spellcasting
 13319 | D:9      | Killed IAmTheZeppo's ghost
 13674 | D:10     | Entered Level 10 of the Dungeon
 13743 | D:10     | Found an opulent altar of Gozag.
 13864 | D:10     | Found a shimmering blue altar of Sif Muna.
 13891 | D:10     | Found a shadowy altar of Dithmenos.
 14065 | D:10     | Found Ygom's Changing Room.
 14438 | D:11     | Found Isop's Pet Rocks.
 14447 | D:11     | Reached skill level 10 in Maces & Flails
 14585 | D:11     | Found a frozen archway.
 14586 | D:11     | Identified a scroll of acquirement
 14592 | D:11     | Acquired a book of Lightning
 14633 | IceCv    | Entered an ice cave
 14658 | IceCv    | Learned a level 3 spell: Inner Flame
 14663 | IceCv    | Learned a level 4 spell: Vhi's Electric Charge
 15388 | IceCv    | Noticed a quicksilver ooze
 15397 | IceCv    | Killed a quicksilver ooze
 15787 | IceCv    | Found a viscous altar of Jiyva.
 15787 | IceCv    | Noticed an azure jelly
 15792 | IceCv    | Noticed a quicksilver ooze
 15793 | IceCv    | Killed an azure jelly
 15807 | IceCv    | Killed a quicksilver ooze
 15848 | IceCv    | Identified the cursed +0 cloak of the Enigmatic Burden
                  | {Fort, Cun} (You found it on level 3 of the Dungeon)
 15848 | IceCv    | Identified the cursed +2 helmet of the Eye in the Sky
                  | {Sorc, Elem} (You took it off Robin on level 4 of the
                  | Dungeon)
 15848 | IceCv    | Identified the cursed +0 pair of gloves of the Pangnostic
                  | Ether {Comp, Cun} (You found it on level 2 of the Dungeon)
 15848 | IceCv    | Identified the cursed +2 robe of Ashenzari's Irritation
                  | {Will+, Sorc, Self} (You took it off Blork the orc on level
                  | 4 of the Dungeon)
 16137 | IceCv    | Identified the Cyclopedia of the Winter
 16138 | IceCv    | Identified the amulet "Koull" {RegenMP rC+ rN+++ Str+3
                  | Dex-3}
 16141 | IceCv    | Identified the amulet "Usmaskox" {RegenMP rN+ Will- Dex+3}
 16358 | D:11     | Reached XP level 15. HP: 79/138 MP: 27/32
 16577 | D:11     | Reached skill level 11 in Spellcasting
 16620 | D:11     | Found a staircase to the Orcish Mines.
 16631 | Orc:1    | Entered Level 1 of the Orcish Mines
 17069 | Orc:1    | Found Duirytiell's Armour Shoppe.
 17296 | Orc:2    | Entered Level 2 of the Orcish Mines
 17432 | Orc:2    | Learned a level 5 spell: Arcjolt
 17663 | Orc:2    | Found a staircase to the Elven Halls.
 17664 | Orc:2    | Noticed Snorg
 17672 | Orc:2    | Killed Snorg
 18212 | Orc:2    | Found Isisywuh's Distillery.
 18219 | Orc:2    | Found Giyseul's Magic Scroll Emporium.
 18273 | Orc:2    | Reached skill level 12 in Spellcasting
 18915 | Orc:2    | Found Fegeong's Antique Armour Shop.
 18915 | Orc:2    | Found Zugiusche's Book Boutique.
 18916 | Orc:2    | Found a one-way gate leading to the halls of Pandemonium.
 18920 | Orc:2    | Bought the Elucidation of Detritus and Ignition for 644
                  | gold pieces
 18920 | Orc:2    | Bought a book of the Spheres for 896 gold pieces
 18961 | Elf:1    | Entered Level 1 of the Elven Halls
 18961 | Elf:1    | Noticed Azrael
 18964 | Elf:1    | Noticed Agnes
 18978 | Orc:2    | Killed Azrael
 19711 | Orc:2    | Bought a scroll of summoning for 95 gold pieces
 19713 | Orc:2    | Bought a potion of might for 52 gold pieces
 19713 | Orc:2    | Bought a potion of might for 52 gold pieces
 19742 | Orc:2    | Bought a runed cloak for 240 gold pieces
 20806 | D:13     | Found a gate to the Vaults.
 20813 | D:13     | Reached skill level 13 in Spellcasting
 20813 | D:13     | Reached skill level 1 in Translocations
 20813 | D:13     | Reached XP level 16. HP: 110/147 MP: 21/35
 21732 | D:13     | Reached skill level 5 in Conjurations
 21816 | D:13     | Identified the ring "Juikkufe" {^Drain rElec rCorr AC+4
                  | Slay+5}
 21833 | D:13     | Learned a level 5 spell: Iskenderun's Battlesphere
 21888 | D:13     | Identified the +6 lajatang "Comoigao" {venom, ^Drain rN+
                  | rCorr}
 22422 | D:15     | Entered Level 15 of the Dungeon
 22481 | D:15     | Found a snail-covered altar of Cheibriados.
 22976 | D:15     | Found a staircase to the Depths.
 23796 | D:15     | Learned a level 4 spell: Ignite Poison
 23995 | Elf:1    | Killed Agnes
 24280 | Elf:1    | Reached skill level 14 in Spellcasting
 24621 | Elf:1    | Identified the serpent talisman of Weitor {rC+}
 24621 | Elf:1    | Noticed Aizul
 24635 | Elf:1    | Killed Aizul
 24636 | Elf:1    | Reached XP level 17. HP: 122/157 MP: 32/38
 25502 | Elf:2    | Found a huge runed translucent gate.
 25502 | Elf:2    | Found a huge runed translucent gate.
 25506 | Elf:2    | Found a huge runed translucent gate.
 25508 | Elf:2    | Found a huge runed translucent gate.
 25508 | Elf:2    | Found a huge runed translucent gate.
 25934 | Elf:3    | Entered Level 3 of the Elven Halls
 25934 | Elf:3    | Noticed Donald
 26247 | Elf:3    | Killed Donald
 26296 | Elf:3    | Reached skill level 15 in Spellcasting
 26340 | Elf:3    | Found Wydd's Jewellery Shop.
 26348 | Elf:3    | Noticed Norris
 26357 | Elf:3    | Killed Norris
 26772 | Elf:3    | Noticed a deep elf master archer
 26784 | Elf:3    | Killed a deep elf master archer
 26926 | Elf:3    | Identified the +7 rapier of Dismay {chaos, Will+}
 26969 | Elf:3    | Identified the amulet of Jantau {Spirit rPois rF+ Str+3
                  | Int-5}
 26988 | Elf:3    | Reached skill level 10 in Fire Magic
 27008 | Elf:3    | Reached XP level 18. HP: 160/165 MP: 5/40
 27181 | Elf:3    | Noticed a deep elf master archer
 27201 | Elf:3    | Killed a deep elf master archer
 27204 | Elf:3    | Identified the Omnibus of Conflict
 27204 | Elf:3    | Identified the staff "Lobatt" {rElec Str+2 Tloc Air}
 27512 | Elf:3    | Learned a level 7 spell: Orb of Destruction
 27542 | Elf:3    | Killed a ghostly deep elf master archer
 27876 | Elf:3    | Paralysed by an air elemental for 1 turns
 27879 | Elf:3    | Paralysed by an air elemental for 1 turns
 27889 | Elf:3    | Paralysed by an air elemental for 1 turns
 28353 | Elf:3    | Paralysed by an air elemental for 1 turns
 28508 | Orc:2    | Bought a book of Fire for 448 gold pieces
 28745 | Spider:1 | Entered Level 1 of the Spider Nest
 28988 | Spider:1 | Found a runed translucent door.
 29119 | Spider:1 | Reached skill level 10 in Conjurations
 29492 | Spider:4 | Entered Level 4 of the Spider Nest
 29545 | Spider:4 | Reached skill level 10 in Shields
 29653 | Spider:4 | Noticed Arachne
 29662 | Spider:4 | Killed Arachne
 30017 | Spider:4 | Identified the +0 robe of Happiness {rC++ Stlth+}
 30234 | Spider:4 | Reached skill level 16 in Spellcasting
 30387 | Spider:4 | Reached XP level 19. HP: 122/172 MP: 8/42
 30409 | Spider:4 | Got a milky-white gem with 515 turns to spare
 30411 | Spider:4 | Got a gossamer rune of Zot
 32144 | Spider:1 | Reached skill level 17 in Spellcasting
 32397 | Swamp:1  | Entered Level 1 of the Swamp
 32896 | Swamp:4  | Entered Level 4 of the Swamp
 33265 | Swamp:4  | Got a decaying rune of Zot
 33267 | Swamp:4  | Got a mossy gem with 858 turns to spare
 33308 | Swamp:4  | HP: 8/172 [alligator (32)]
 33448 | Swamp:4  | Reached skill level 18 in Spellcasting
 33762 | Swamp:4  | Reached XP level 20. HP: 122/181 MP: 12/45
 33837 | Swamp:4  | Learned a level 6 spell: Starburst
 34119 | Swamp:4  | Found a runed translucent gate.
 34119 | Swamp:4  | Found a runed translucent gate.
 34119 | Swamp:4  | Found a runed translucent gate.
 34120 | Swamp:4  | Noticed brinewave's ghost (adept MiFi)
 34400 | Swamp:3  | Identified the +7 scale mail of Gravitas {rF+ Dex+3}
 34434 | Swamp:3  | Found a transporter.
 34436 | Swamp:3  | Found a transporter.
 34456 | Swamp:3  | Found a bloodstained altar of Trog.
 34456 | Swamp:3  | Noticed xzight's ghost (adept MiBe)
 34975 | Swamp:2  | Noticed Nikola
 34981 | Swamp:2  | Killed Nikola
 35529 | Swamp:1  | Identified the +9 dagger of Disorder {freeze, Will+ Dex+3}
 35739 | Depths:1 | Entered Level 1 of the Depths
 35746 | Depths:1 | Reached skill level 19 in Spellcasting
 35954 | Depths:1 | Found a runed translucent gate.
 35955 | Depths:1 | Found a runed translucent gate.
 35956 | Depths:1 | Found a runed translucent gate.
 35958 | Depths:1 | Noticed Soesill's ghost (adept DgCj)
 35958 | Depths:1 | Found the +7 Spriggan's Knife {stab, EV+4 Stlth+}
 36635 | Depths:3 | Found a gateway to Hell.
 36724 | Depths:3 | Found a burning altar of Makhleb.
 36778 | Depths:4 | Entered Level 4 of the Depths
 36778 | Depths:4 | Noticed a bone dragon
 36778 | Depths:4 | Noticed Parghit
 36894 | Depths:4 | Identified the orb of Death's Door {light, ^Contam rC++}
 36894 | Depths:4 | Noticed Frederick
 36901 | Depths:4 | Killed Frederick
 36902 | Depths:4 | Reached XP level 21. HP: 190/190 MP: 33/48
 36970 | Depths:4 | Found a sparkling altar of Nemelex Xobeh.
 36976 | Depths:4 | Killed Parghit
 37031 | Depths:4 | Reached skill level 20 in Spellcasting
 37319 | Depths:4 | Found a gate to the Realm of Zot.
 37334 | Depths:4 | Got a midnight gem with 1241 turns to spare
 37458 | Depths:3 | Learned a level 6 spell: Summon Cactus Giant
 39108 | Depths:2 | Found a one-way gateway to a ziggurat.
 39256 | Zig:1    | Entered Level 1 of a ziggurat
 39331 | Zig:2    | Entered Level 2 of a ziggurat
 39339 | Zig:2    | Reached skill level 21 in Spellcasting
 39366 | Zig:3    | Entered Level 3 of a ziggurat
 39369 | Zig:3    | Noticed a caustic shrike
 39369 | Zig:3    | Identified the +1 scale mail of Life {rF- rC+++ Regen+
                  | Slay-6}
 39374 | Zig:3    | Killed a caustic shrike
 39395 | Zig:4    | Entered Level 4 of a ziggurat
 39580 | Zig:5    | Entered Level 5 of a ziggurat
 39592 | Zig:5    | Identified the ring "Piunicuwn" {rF+ Str-3 Int+5}
 39667 | Zig:6    | Entered Level 6 of a ziggurat
 39678 | Zig:6    | Identified the +9 great sword of Itileof {antimagic, rF+
                  | rC+ Dex+3}
 39689 | Zig:6    | Reached XP level 22. HP: 114/192 MP: 9/49
 39720 | Zig:6    | Identified the cursed +2 cloak "Per Aspera Ad Scientiam"
                  | {Stlth+, Fort, Bglg} (You bought it in a shop on level 2 of
                  | the Orcish Mines)
 39720 | Zig:6    | Identified the cursed +4 barding of the Esoteric Sky {Self,
                  | Sorc} (You found it on level 3 of the Swamp)
 39914 | Zig:7    | Entered Level 7 of a ziggurat
 39921 | Zig:7    | Identified the Exposition on the Pyre and the Crater
 39938 | Zig:7    | Identified the +0 hand axe "Qevybras" {freeze, rPois rC-
                  | rN+ Int+3 Stlth+}
 39938 | Zig:7    | Identified the Compilation of the Impact
 40013 | Zig:8    | Entered Level 8 of a ziggurat
 40080 | Zig:8    | Identified the +2 battleaxe of Plague {elec, rPois rC-
                  | Str+3}
 40115 | Zig:8    | Acquired the +3 tower shield "Vohigroll" {Dex+2}
 40134 | Zig:8    | Learned a level 5 spell: Irradiate
 40139 | Zig:9    | Entered Level 9 of a ziggurat
 40149 | Zig:9    | Identified the Reference Book on Damage
 40149 | Zig:9    | Identified the ring of the Imbibing Enemy {Fly rPois rN+
                  | Str+2 Dex+3}
 40155 | Zig:9    | Noticed a dread lich
 40161 | Zig:9    | Identified the +0 rapier of a wizard's laboratory {speed,
                  | rC+}
 40162 | Zig:9    | Killed a dread lich
 40267 | Zig:10   | Entered Level 10 of a ziggurat
 40286 | Zig:10   | Identified the +7 lajatang of Zubludev {protect, rF- rC+
                  | Int+7 Dex+4}
 40289 | Zig:10   | Killed from afar by a quicksilver elemental

Illustrated notes

Levels and vault maps discovered:
D:1:      lightli_iron_boxes, layout_basic, minmay_pentomino_w2
D:2:      cheibrodos_fertilizer, layout_basic
D:3:      layout_basic, fedhas_altar_1
D:4:      layout_basic, nzn_wu_jian_council_hall, temple_pool_b,
          gammafunk_ghost_necromancy, kennysheep_decorative_pillar,
          uniq_blork_the_orc, uniq_robin, uniq_natasha, uniq_duvessa
D:5:      layout_cave_pools, mainiacjoe_overflow_six_doors_small,
          nicolae_ashenzari_panopticon, gammafunk_ghost_cemetery,
          minmay_fire_ice_demons
D:6:      layout_cave_pools
D:7:      layout_basic, serial_glass, glass_columns_b, glass_columns_a
D:8:      layout_loops_cross, david_lair_shrubbed
D:9:      nzn_winding_woodlands_large [nzn_winding_woodlands_5x5_perimeter,
          nzn_winding_woodlands_5x15_lazy_stream,
          nzn_winding_woodlands_5x5_three, nzn_winding_woodlands_center_garden,
          nzn_winding_woodlands_15x15_eel_pit,
          nzn_winding_woodlands_center_diamonds,
          nzn_winding_woodlands_hourglass, nzn_winding_woodlands_5x15_garden,
          nzn_winding_woodlands_5x5_cross], layout_cave_pods,
          gammafunk_ghost_spectres
D:10:     layout_rooms, mainiacjoe_overflow_two_lobes, grunt_gozag_breadcrumbs,
          nicolae_transmutations_shop, serial_bayou_lagoon_a
D:11:     layout_roguey, david_orc_4, portal_ice_cave_entry_pillars_2,
          guppyfry_shop_earth
D:12:     layout_irregular_city
D:13:     layout_basic, david_vaults_1, due_unseen_surprise
D:14:     layout_cave_pools
D:15:     gammafunk_enter_depths_forms, layout_loops_corners,
          small_statue_alley_a, slow_altar_1
Temple:   regret_index_temple_waves
Lair:1:   layout_cellular_growth, basic_altar
Lair:2:   layout_loops_ring, alex1729_swamp_entry_worm_eleionoma,
          hellmonk_spider_entry_not_the_bees, columned_hall_lemuel,
          serial_bayou_shore_a, uniq_harold
Lair:3:   layout_hall_layers, uniq_gastronok, uniq_kirke
Lair:4:   statuecave_lemuel, layout_big_grid, slime_entry_1,
          lightli_volcano_entry_magma_tube, grunt_megastairs_2
Lair:5:   wormcave, layout_regular_city, st_stairs_9,
          chequers_serial_rivers_small_a, lemuel_fruit_tree
Swamp:1:  layout_falls_marsh, nicolae_swamp_treefoil, grunt_witch_cave,
          infiniplex_staircase_pool_2
Swamp:2:  layout_falls_marsh, serial_swamp_ruin, evilmike_swamp_ruin_rubble_1,
          hangedman_swamp_ruin_wall, swamp_pool_1_2, water_boxes_lemuel,
          uniq_nikola
Swamp:3:  layout_basic_swamp, gammafunk_ghost_wrathful_warriors,
          nicolae_swamp_reclaimed_castle
Swamp:4:  swamp_alternative, layout_basic_swamp, ebering_ghost_rock_garden
Spider:1: cheibrodos_spider_deadly_dance, nicolae_spider_claw_tunnel
Spider:2: layout_chambers
Spider:3: layout_spider_delve
Spider:4: spider_rune_water, uniq_arachne
Orc:1:    layout_caves, special_room [special_room_kobold], abandoned_shop,
          guppyfry_orc_lava_fort
Orc:2:    pf_orc_diabolical, layout_caves, blackcustard_rock_pile, uniq_snorg
Elf:1:    layout_gridlike, nicolae_elf_shapeshifter_party, uniq_agnes,
          uniq_azrael, uniq_aizul
Elf:2:    elven_hall_of_blades_hangedman_alternative [mumra_blade_entry_dagger],
          layout_loops_cross, nrook_loot_triangle, nicolae_elf_m_pinch
Elf:3:    minmay_elf_hall_curves, layout_onion_city,
          minmay_shop_enchanted_jewellery, uniq_norris, uniq_donald
Depths:1: layout_cave_shapes, ebering_ghost_rock_garden,
          nicolae_hell_entry_hellmouth_sunbeams,
          nicolae_concentric_dashed_squares_wild, nicolae_twisting_strands,
          evilmike_ambush [evilmike_ambush_outer_basic,
          evilmike_ambush_inner_pond]
Depths:2: hourglass_vault, layout_cave_shapes, enter_ziggurat_b,
          pf_vacation_house_of_asmodeus, minmay_misc_feat_ornament,
          rand_demon_pan_entry_3, hangedman_glass_teeth, minmay_fountain_box,
          nicolae_uskayaw_dance_hall, uniq_mara, uniq_bai_suzhen
Depths:3: regret_index_makhleb_lecture_halls, layout_gridville, hell_entry,
          nicolae_abyss_entry_one_way_or_another, infiniplex_staircase_zigzag_3,
          serial_bayou_shore_b
Depths:4: grunt_zot_entry_gee_three, layout_cave_pools, hell_entry,
          nemelex_xobeh_ov_fountains_minmay, serial_bayou_shore_b,
          uniq_frederick, uniq_parghit
Zig:10

Skill      XL: |  1  2  3  4  5  6  7  8  9 10 11 12 13 14 15 16 17 18 19 20 21 22 |
---------------+-------------------------------------------------------------------+-----
Alchemy        | 4 5 6 7 8 |  8.0
Air Magic      | 1 2 3 4 5 6 7 |  7.5
Conjurations   | 2 3 4 6 7 11 12 13 14 | 14.4
Spellcasting   | 3 4 5 7 8 9 10 13 14 15 16 18 19 21 | 21.6
Fire Magic     | 1 4 6 7 8 10 11 12 13 14 | 14.0
Dodging        | 2 3 4 5 6 7 8 |  8.1
Fighting       | 2 4 5 6 7 8 |  8.0
Summonings     | 2 4 5 6 8 9 |  9.8
Maces & Flails | 3 5 7 9 10 11 13 | 13.7
Shields        | 3 4 5 7 8 9 10 11 | 11.9
Stealth        | 4 5 6 |  6.6
Hexes          | 2 4 5 |  5.8
Translocations | 1 3 |  3.0

Action                     |  1- 3 |  4- 6 |  7- 9 | 10-12 | 13-15 | 16-18 | 19-21 | 22-24 || total
---------------------------+-------+-------+-------+-------+-------+-------+-------+-------++-------
  Melee: Spear             |    11 |       |       |       |       |       |       |       ||    11
         Dagger            |    22 |    47 |       |       |       |       |       |       ||    69
         Halberd           |       |    23 |    77 |     3 |       |       |       |       ||   103
         Demon whip        |       |       |       |   144 |   512 |   354 |   299 |     1 ||  1310
         Punch             |       |       |       |     1 |       |       |       |       ||     1
         Constrict         |       |       |       |       |    95 |    75 |    50 |       ||   220
         Staff             |       |       |       |       |       |    19 |     7 |       ||    26
  Throw: Stone             |     2 |     4 |     1 |     1 |       |       |       |       ||     8
         Boomerang         |       |     1 |       |     5 |     7 |     5 |       |       ||    18
         Javelin           |       |       |       |       |     3 |       |       |       ||     3
         Throwing net      |       |       |       |       |     1 |       |       |       ||     1
   Cast: Sting             |    28 |    63 |    99 |    23 |    42 |    81 |    27 |       ||   363
         Mercury Vapours   |     2 |     7 |     5 |     9 |     2 |       |       |       ||    25
         Olgreb's Toxic Ra |       |     1 |    13 |    35 |   116 |   150 |    74 |     6 ||   395
         Sticky Flame      |       |       |    11 |    27 |    98 |    49 |    34 |       ||   219
         Airstrike         |       |       |     1 |     6 |     7 |       |     4 |     1 ||    19
         Flame Wave        |       |       |       |     8 |    18 |     7 |       |       ||    33
         Summon Lightning  |       |       |       |     6 |    36 |    60 |    41 |     6 ||   149
         Yara's Violent Un |       |       |       |       |     7 |     6 |    11 |     1 ||    25
         Inner Flame       |       |       |       |       |     4 |    11 |       |       ||    15
         Tukima's Dance    |       |       |       |       |    33 |       |       |       ||    33
         Arcjolt           |       |       |       |       |     6 |    34 |    76 |     1 ||   117
         Iskenderun's Batt |       |       |       |       |       |    58 |    23 |     4 ||    85
         Ignite Poison     |       |       |       |       |       |    65 |    96 |    11 ||   172
         Vhi's Electric Ch |       |       |       |       |       |     1 |     1 |       ||     2
         Orb of Destructio |       |       |       |       |       |     9 |    82 |     8 ||    99
         Starburst         |       |       |       |       |       |       |    84 |     3 ||    87
         Summon Cactus Gia |       |       |       |       |       |       |     8 |       ||     8
         Irradiate         |       |       |       |       |       |       |       |     1 ||     1
 Invoke: Curse Item        |       |       |     2 |     6 |     2 |     2 |     1 |       ||    13
         Shatter the Chain |       |       |       |       |     3 |     1 |     1 |       ||     5
Ability: Spit Poison       |    25 |    31 |    39 |    21 |    25 |    17 |     1 |       ||   159
  Evoke: Wand              |       |       |       |     2 |     6 |     2 |     3 |       ||    13
         Phantom mirror    |       |       |       |       |     1 |       |     1 |       ||     2
    Use: Scroll            |       |       |     5 |     5 |     9 |     3 |    15 |     6 ||    43
         Potion            |       |       |       |     4 |     4 |     4 |     9 |       ||    21
   Stab: Sleeping          |     1 |       |     1 |       |    16 |    11 |    12 |       ||    41
         Distracted        |       |       |       |     1 |     3 |     1 |     3 |       ||     8
         Held in net/web   |       |       |       |       |     1 |       |       |       ||     1
         Invisible         |       |       |       |       |       |     2 |       |       ||     2
 Armour: Robe              |    17 |    51 |   101 |   163 |   344 |   360 |   470 |    31 ||  1537
         Skin              |       |       |       |       |     7 |       |     5 |     1 ||    13
  Dodge: Dodged            |     5 |    49 |    61 |   104 |   171 |   151 |   176 |    12 ||   729
  Block: Kite shield       |       |       |       |    43 |   227 |   215 |   229 |    12 ||   726
